 Dungeon Crawl Stone Soup version bcrawl-1.41 (webtiles) character file.

Game seed: 16649865060385309677

13913175 quik the Slayer (level 27, 231/231 HPs)
             Began as a Formicid Fighter on July 29, 2023.
             Was the Champion of Okawaru.
             Escaped with the Orb
             ... and 3 runes on Mar 30, 2024!
             The game lasted 07:04:15 (70653 turns).

quik the Slayer (Formicid Fighter)                 Turns: 70653, Time: 07:04:15

Health: 231/231    AC: 41    Str: 37    XL:     27
Magic:  37/37      EV: 19    Int:  9    God:    Okawaru [******]
Gold:   2055       SH: 27    Dex: 18    Spells: 24/26 levels left

rFire    + + .     GDR:     44% a - +9 lajatang (elec)
rCold    + . .     SeeInvis +   k - +0 large shield
rNeg     + + .     Gourm    .   B - +12 gold dragon scales
rPois    +         Faith    .   (helmet unavailable)
rElec    +         Spirit   .   u - +1 cloak of Insecurity {+Blink rPois rN++ Stlth-}
rCorr    .         Reflect  .   m - +2 pair of gloves {Str+3} {Str+3}
MR       +++..                  o - +2 pair of boots {Fly}
Stlth    ..........             X - amulet of Departure {Regen Str+3 Int+4}
HPRegen  1.59/turn              O - ring "Nalil" {rC+ Dex+6}
MPRegen  0.25/turn              P - ring "Juosoiro" {Fire rElec MR+ Int-4}

@: flying, studying 2 skills
A: permanent stasis, dig shafts and tunnels, four strong arms, antennae 3,
blurry vision 1, deformed body, subdued magic 1
0: Orb of Zot
}: 3/15 runes: decaying, serpentine, slimy
a: Dig, Shaft Self, Heroism, Finesse, Renounce Religion, Stop Flying


You escaped.
You worshipped Okawaru.
Okawaru was exalted by your worship.
You were full.

You visited 12 branches of the dungeon, and saw 48 of its levels.
You visited 2 bazaars.
You also visited: Sewer, Bailey, Volcano and Wizlab.

You collected 8539 gold pieces.
You spent 6484 gold pieces at shops.


Innate Abilities, Weirdness & Mutations

You cannot be hasted, slowed, berserked, paralysed or teleported.
You can dig through walls and to a lower floor.
Your four strong arms can wield two-handed weapons with a shield.
You have a pair of large antennae on your head. (SInv)
Scrolls take you a little longer to read.
Armour fits poorly on your strangely shaped body.
Your spells are a little easier to cast, but a little less powerful.


   Skills:
 - Level 22.0 Fighting
 - Level 16.0 Staves
 - Level 11.0 Throwing
 - Level 22.0 Armour
 - Level 20.0 Dodging
 - Level 20.8 Stealth
 - Level 22.0 Shields
 - Level 15.0 Invocations
 + Level 21.7 Evocations


You had 24 spell levels left.
You knew the following spells:

 Your Spells              Type           Power        Failure   Level  Hunger
a - Apportation           Tloc           #.....       100%        1    None
u - Summon Butterflies    Summ           #.......     100%        1    None

Your spell library contained the following spells:

 Spells                   Type           Power        Failure   Level  Hunger
 Throw Frost              Conj/Ice       #.....       99%         2    ####...
 Blink Other              Tloc           #.....       100%        1    None
 Corona                   Hex            #......      100%        1    None
 Freeze                   Ice            #.....       100%        1    None
 Infusion                 Chrm           #.......     100%        1    None
 Magic Dart               Conj           #...         100%        1    None
 Necrotize                Necr           #.....       100%        1    None
 Sandblast                Erth           #.....       100%        1    None
 Slow                     Hex            #.......     100%        1    None
 Static Discharge         Air            #.....       100%        1    None
 Sting                    Conj/Pois      #...         100%        1    None
 Call Imp                 Summ           #.....       100%        2    ####...
 Corpse Rot               Necr           N/A          100%        2    ####...
 Ensorcelled Hibernation  Hex/Ice        #.....       100%        2    ####...
 Passwall                 Tmut/Erth      #.......     100%        2    ####...
 Poisonous Vapours        Pois/Air       #.....       100%        2    ####...
 Searing Ray              Conj           #.......     100%        2    ####...
 Shackle                  Hex            #.......     100%        2    ####...
 Sublimation of Blood     Necr           #.........   100%        2    ####...
 Beckoning                Tloc           #.........   100%        3    #####..
 Call Canine Familiar     Summ           #.......     100%        3    #####..
 Confuse                  Hex            #.......     100%        3    #####..
 Conjure Flame            Conj/Fire      #.......     100%        3    #####..
 Dazzling Orbs            Conj/Hex       #......      100%        3    #####..
 False Image              Hex/Summ       #.......     100%        3    #####..
 Ignite Poison            Fire/Tmut/Pois #.......     100%        3    #####..
 Inner Flame              Hex/Fire       N/A          100%        3    #####..
 Iskenderun's Mystic Bla  Conj           #.......     100%        3    #####..
 Mephitic Cloud           Conj/Pois/Air  #.......     100%        3    #####..
 Ozocubu's Armour         Chrm/Ice       #.......     100%        3    #####..
 Portal Projectile        Tloc           #.....       100%        3    #####..
 Spider Form              Tmut/Pois      #..          100%        3    #####..
 Stone Arrow              Conj/Erth      #.....       100%        3    #####..
 Teleport Other           Tloc           #.......     100%        3    #####..
 Tukima's Dance           Hex            #.......     100%        3    #####..
 Vampiric Draining        Necr           #.........   100%        3    #####..
 Agony                    Necr           #.......     100%        4    ######.
 Animate Dead             Necr           N/A          100%        4    ######.
 Cause Fear               Hex            #.........   100%        4    ######.
 Force Lance              Tloc           #.......     100%        4    ######.
 Fulminant Prism          Conj/Hex       #.........   100%        4    ######.
 Ice Form                 Ice/Tmut       #.......     100%        4    ######.
 Petrify                  Tmut/Erth      #.........   100%        4    ######.
 Sticky Flame             Conj/Fire      #.......     100%        4    ######.
 Summon Ice Beast         Ice/Summ       #.......     100%        4    ######.
 Throw Icicle             Conj/Ice       #.......     100%        4    ######.
 Tree Form                Hex/Tmut       N/A          100%        4    ######.
 Yara's Violent Unravell  Hex/Tmut       #.........   100%        4    ######.
 Bolt of Draining         Conj/Necr      #.........   100%        5    #######
 Bolt of Magma            Conj/Fire/Erth #.........   100%        5    #######
 Dispel Undead            Necr           #.......     100%        5    #######
 Freezing Cloud           Ice/Air        #.......     100%        5    #######
 Metabolic Englaciation   Hex/Ice        #.........   100%        5    #######
 Piercing Shot            Chrm           #.........   100%        5    #######
 Steam Barrier            Chrm/Fire      #.........   100%        5    #######
 Summon Demon             Summ           #.........   100%        5    #######
 Summon Forest            Summ/Tloc      #.........   100%        5    #######
 Summon Mana Viper        Hex/Summ       #.......     100%        5    #######
 Borgnjor's Vile Clutch   Necr/Erth      #.........   100%        6    #######
 Conjure Ball Lightning   Conj/Air       #.........   100%        6    #######
 Infestation              Hex/Tmut/Pois  #........    100%        6    #######
 Iron Shot                Conj/Erth      #.........   100%        6    #######
 Ozocubu's Refrigeration  Ice            #.........   100%        6    #######
 Poison Arrow             Conj/Pois      #.........   100%        6    #######
 Simulacrum               Ice/Necr       #.......     100%        6    #######
 Statue Form              Tmut/Erth      #........    100%        6    #######
 Summon Hydra             Summ           #.........   100%        6    #######
 Virulence                Hex/Pois       #.......     100%        6    #######
 Blight                   Necr/Pois      #........    100%        7    #######
 Icicle Burst             Conj/Ice       #.........   100%        7    #######
 Monstrous Menagerie      Summ           #.........   100%        7    #######
 Orb of Destruction       Conj           #.........   100%        7    #######
 Scorpion Form            Tmut/Pois      #.........   100%        7    #######
 Spellforged Servitor     Conj/Summ      #.........   100%        7    #######
 Necromutation            Tmut/Necr      #.......     100%        8    #######
 Tornado                  Tloc/Air       #.........   100%        8    #######
 Shatter                  Erth           #.........   100%        9    #######
 Blink                    Tloc           Unusable     N/A         2    N/A

Inventory:

Hand Weapons
 a - a +9 lajatang of electrocution (weapon)
 b - the +1 arbalest "Leviticus" {penet, -Tele +Fly MR+++ Str-2}
   (You found it on level 11 of the Dungeon)

   Ammo fired by it will pass through the targets it hits, potentially hitting
   all targets in its path until it reaches its maximum range.
   It affects your strength (-2).
   It affects your resistance to hostile enchantments.
   It lets you fly.
   It prevents most forms of teleportation.
Missiles
 j - 534 javelins of penetration {=f}
 p - 286 steel javelins
 N - 6 throwing nets {=f!f}
 U - 164 javelins (quivered)
Armour
 k - a +0 large shield (worn)
 m - a +2 pair of gloves of strength (worn) {Str+3}
 o - a +2 pair of boots of flying (worn)
 u - the +1 cloak of Insecurity (worn) {+Blink rPois rN++ Stlth-}
   (You found it on level 2 of the Vaults)

   It protects you from poison.
   It greatly protects you from negative energy.
   It lets you blink.
   It makes you less stealthy.
 B - +12 gold dragon scales (worn)
Jewellery
 C - an uncursed ring of resist corrosion
 K - the ring of Lies {Ice Str+3 Dex+4}
   (You found it on level 5 of the Realm of Zot)

   [ring of ice]

   It enhances your ice magic.
   It affects your strength (+3).
   It affects your dexterity (+4).
   It makes you vulnerable to fire.
   It protects you from cold.
 O - the ring "Nalil" (left hand) {rC+ Dex+6}
   (You found it on level 9 of the Dungeon)

   [ring of protection from cold]

   It affects your dexterity (+6).
   It protects you from cold.
 P - the ring "Juosoiro" (right hand) {Fire rElec MR+ Int-4}
   (You found it on level 1 of the Snake Pit)

   [ring of fire]

   It enhances your fire magic.
   It affects your intelligence (-4).
   It protects you from fire.
   It makes you vulnerable to cold.
   It insulates you from electricity.
   It affects your resistance to hostile enchantments.
 X - the amulet of Departure (around neck) {Regen Str+3 Int+4}
   (You found it on level 11 of the Dungeon)

   [amulet of regeneration]

   It affects your strength (+3).
   It affects your intelligence (+4).
Wands
 y - a wand of charming (7)
 A - a wand of paralysis (5)
 D - a wand of digging (38)
 E - a wand of iceblast (22)
 Q - a wand of clouds (9)
 R - a wand of scattershot (11)
 S - a wand of polymorph (47)
 Y - a wand of acid (9)
 Z - a wand of disintegration (21)
Scrolls
 g - 7 scrolls of fear {!r}
 i - a scroll of summoning {!r}
 v - 15 scrolls of immolation {!r}
 z - 3 scrolls of fog
 G - 5 scrolls of noise {!r}
 H - 3 scrolls of vulnerability {!r!r}
 L - 3 scrolls of silence {!r}
Potions
 c - 7 potions of cancellation {!q}
 d - 6 potions of might {!q}
 h - 3 potions of invisibility {!q}
 l - 10 potions of heal wounds {!q@q1}
 n - 2 potions of resistance {!q}
 q - 17 potions of curing {@q2}
 r - 6 potions of ambrosia {!q}
 t - 6 potions of magic {!q}
 x - 10 potions of mutation {!q!q}
 F - a potion of agility {!q}
 I - 8 potions of flight {!q}
 T - 5 potions of lignification {!q!q}
Miscellaneous
 f - a box of beasts
 s - a phial of floods
 w - a lightning rod (4/4)
 J - a phantom mirror
 M - a lamp of fire
 V - a fan of gales (2/2)
 W - a sack of spiders
Comestibles
 e - 69 rations {!d}

Dungeon Overview and Level Annotations

Branches:
Dungeon (12/12)            Temple (1/1) D:5            Lair (6/6) D:9
  Swamp (3/3) Lair:4        Snake (3/3) Lair:2        Slime (5/5) Orc
    Orc (1/1) D:8          Vaults (2/3) D:11         Forest (3/3) Lair:6
  Crypt (2/2) Vaults:1       Tomb (0/3) Crypt:2      Depths (5/5) D:12
    Zot (5/5) Depths:5

Altars:
Ashenzari
Cheibriados
Dithmenos
Elyvilon
Fedhas
Gozag
Hepliaklqana
Makhleb
Nemelex Xobeh
Okawaru
Qazlal
Ru
Sif Muna
Trog
Uskayaw
Vehumet
Wu Jian
Xom
Zin
The Shining One
Jiyva

Shops:
D:5 %   D:6 *   D:7 (   D:9 ?!(}   D:12 (   Orc ?%[=(   Snake:3 (   Vaults:1 [
Vaults:2 !*:?   Depths:5 !

Portals:
Hell: Depths:1 Depths:2 Depths:3 Depths:4 Depths:5
Abyss: Depths:2 Depths:4 Depths:5
Pandemonium: Depths:1 Depths:2 Depths:3 Depths:5
Ziggurat: Depths:5

######........≈§..............#..
.....#.......≈.≈.##.##.###....#..
.............≈.§..#...........#..
........####.≈..§..###..#.....#..
........# #.≈...§.#....#.....###
........# #.≈...≈§.§.#.#.....###
........# #..§..≈.≈≈............
###.....# #..§§§≈.§.≈...........
###.....# #..§§@§^...≈..........
..#.....# #..§.§....≈...#.......
..#.....# #..≈.≈≈§≈≈....#.##....
..#.....# #..≈.........##.##....
..#.....## #.≈...§.###.###.##....
.........# #.≈..≈..# #..##.##....
.........# #.≈.§.### ##.##+##.###
#........# #.≈.§.# #........#
#........###.§≈§§######........#


There were no monsters in sight!


Message History

You slash the lorocyproca! You closely miss the lorocyproca.
You block the lorocyproca's attack.
You slice the lorocyproca!!
You kill the lorocyproca!
You start resting.
Health restored: 231 You regained 2 mp, and now have 29/37 mp.
You fly upwards.
There is a stone staircase leading down here.
(D) Dungeon (T) Temple (L) Lair (S) Swamp (P) Snake Pit (M) Slime Pits (O) Orcish Mines (V) Vaults (F) Spriggan Forest (C) Crypt (W) Tomb (U) Depths (H) Hell (Z) Zot
Where to? (Enter - D:1 @ (x,y), ? - help)
There is a stone staircase leading up here.
You fly upwards.
There is a stone staircase leading down here.
You feel like a meek peon again.
There is a stone staircase leading up here.
You fly upwards.
There is a stone staircase leading down here.
You reach down and open the door.
There is an open door here.
There is a stone staircase leading up here.
You fly upwards.
There is a stone staircase leading down here.
There is a staircase leading out of the dungeon here.
MP restored: 37 The power of the Orb breaks the dimensional shunt like a soap bubble!
You have escaped!

Skill      XL: |  1  2  3  4  5  6  7  8  9 10 11 12 13 14 15 16 17 18 19 20 21 22 23 24 25 26 27 |
---------------+----------------------------------------------------------------------------------+-----
Staves         | 3 4 5 7 8 9 11 16 | 16.0
Fighting       | 4 5 9 13 14 15 19 20 22 | 22.0
Shields        | 4 7 9 12 15 17 18 22 | 22.0
Armour         | 4 5 6 9 10 15 16 17 20 22 | 22.0
Invocations    | 2 5 7 10 13 15 | 15.0
Dodging        | 2 3 4 5 10 12 13 20 | 20.0
Evocations     | 5 8 10 11 21 | 21.7
Throwing       | 10 11 | 11.0
Stealth        | 16 20 | 20.8

Action                   |  1- 3 |  4- 6 |  7- 9 | 10-12 | 13-15 | 16-18 | 19-21 | 22-24 | 25-27 || total
-------------------------+-------+-------+-------+-------+-------+-------+-------+-------+-------++-------
Melee: Quarterstaff      |    97 |   186 |   365 |   797 |   185 |    13 |    35 |       |       ||  1678
       Lajatang          |       |       |       |       |   648 |  1002 |  1139 |  1157 |  2909 ||  6855
 Fire: Hunting sling     |       |       |    11 |     7 |       |       |       |       |       ||    18
Throw: Stone             |       |       |     1 |       |       |       |       |       |       ||     1
       Tomahawk          |       |       |       |    49 |   134 |    87 |    58 |    26 |     4 ||   358
       Javelin           |       |       |       |       |       |     2 |     3 |    10 |   263 ||   278
       Throwing net      |       |       |       |       |       |       |       |       |    10 ||    10
Invok: Heroism           |       |       |     3 |    31 |    31 |    47 |    26 |    31 |    73 ||   242
       Finesse           |       |       |       |       |     1 |     1 |     4 |     4 |    14 ||    24
 Abil: Dig               |       |       |     2 |     7 |    13 |    20 |    33 |    16 |    33 ||   124
       Evoke Fog         |       |       |     1 |       |       |       |       |       |       ||     1
       Evoke Flight      |       |       |       |     2 |     3 |       |     1 |     1 |     2 ||     9
       Stop Flying       |       |       |       |       |       |       |     1 |     1 |     2 ||     4
Evoke: Wand              |       |       |       |    12 |    14 |    34 |    19 |     9 |    23 ||   111
       Lamp of fire      |       |       |       |       |     1 |     1 |     1 |     1 |     2 ||     6
       Phial of floods   |       |       |       |       |       |       |     1 |     1 |       ||     2
       Sack of spiders   |       |       |       |       |       |       |       |     1 |     4 ||     5
       Box of beasts     |       |       |       |       |       |       |       |     1 |     1 ||     2
       Phantom mirror    |       |       |       |       |       |       |       |       |     2 ||     2
  Use: Scroll            |     4 |     5 |     5 |     4 |    14 |    11 |    14 |     7 |    15 ||    79
       Potion            |       |     1 |     1 |     4 |     1 |     3 |     3 |     3 |    15 ||    31
 Stab: Invisible         |       |       |       |     4 |       |       |       |       |       ||     4
       Distracted        |       |       |       |       |     2 |       |     2 |       |     6 ||    10
       Confused          |       |       |       |       |       |       |     1 |       |     3 ||     4
       Paralysed         |       |       |       |       |       |       |     8 |     3 |     2 ||    13
       Held in net/web   |       |       |       |       |       |       |       |     1 |     6 ||     7
  Eat: Chunk             |     3 |    13 |    20 |    36 |    42 |    38 |    43 |    29 |    20 ||   244
       Ration            |       |       |       |     1 |     3 |     5 |     5 |     4 |    33 ||    51
Armor: Scale mail        |    32 |    67 |    41 |       |       |       |       |       |       ||   140
       Plate armour      |       |       |    67 |   265 |   248 |   174 |   152 |       |       ||   906
       Gold dragon scale |       |       |       |       |       |       |    81 |   237 |   647 ||   965
Dodge: Dodged            |    17 |    49 |    51 |    58 |   101 |   128 |   209 |   244 |   584 ||  1441
Block: Medium shield     |    40 |    75 |   169 |   448 |   279 |       |       |       |       ||  1011
       Large shield      |       |       |       |       |   303 |   722 |   924 |  1014 |  2419 ||  5382

Levels and vault maps discovered:
D:1:      ebering_trefoil_3fold, layout_basic, chequers_serial_rivers_micro_d
D:2:      layout_basic, first_ration, serial_bayou_pond_b,
          amcnicky_mini_corridor_feature, uniq_terence
D:3:      layout_loops_ring, ebering_ghost_gozag, chequers_serial_rivers_room_b,
          uniq_sigmund
D:4:      layout_basic, ebering_ghost_sewer_d
D:5:      layout_loops_ring, minmay_temple_entry_crystal_x,
          ebering_ghost_sewer_f, cheibrodos_sewer_entry_sluice, serial_shops,
          nicolae_shop_trees
D:6:      layout_basic, grunt_temple_overflow_open, serial_shops,
          nicolae_shop_crystal, roderic_roman_lattice, st_stairs_11,
          uniq_eustachio
D:7:      layout_basic, serial_shops, nicolae_shop_overgrown_old_shop,
          minmay_ruffians
D:8:      layout_cave_pods, nzn_wu_jian_council_hall,
          minmay_orc_entry_temple_small, grunt_ogre_cave
D:9:      layout_small_grid, due_lair_maze_entry_diamond, serial_shops, shop,
          shop, shop, shop, serial_ice, serial_ice_l, serial_ice_h,
          serial_ice_a, serial_ice_f, serial_ice_d, gammafunk_ghost_arena,
          enter_bailey_4, minmay_gold_behind_fungi
D:10:     layout_loops_cross, basic_altar, amcnicky_mini_pool_small,
          st_stairs_13
D:11:     layout_loops_corners, ximxim_vaults_locker_room, uniq_harold,
          uniq_grum, uniq_snorg
D:12:     gammafunk_depths_entry_grave, layout_gridville,
          chequers_serial_rivers_small_b, serial_shops, shop, st_stairs_12,
          hangedman_abyss_or_decor_passed
Temple:   compressed_dpeg_circular_temple
Lair:1:   layout_long_grid, special_room [special_room_bee]
Lair:2:   layout_chaotic_city, guppyfry_snake_entry_island, basic_altar,
          ice2_lemuel
Lair:3:   layout_cave_shapes, nicolae_volcano_entry_s_turn, serial_rivers,
          chequers_serial_rivers_micro_c, chequers_serial_rivers_room_a,
          chequers_serial_rivers_small_b, chequers_serial_rivers_small_a,
          chequers_serial_rivers_micro_b, chequers_serial_rivers_small_a,
          lemuel_fruit_tree
Lair:4:   layout_concentric_octagons, minmay_swamp_entry_wisps, special_room
          [special_room_mythical_zoo], gauntlet_entry_generic
Lair:5:   layout_long_grid, tgw_fedhas
Lair:6:   gammafunk_lair_ancient_temple, layout_gridlike, dummy_forest_entry,
          grunt_lair_small_clearing_treed
Swamp:1:  layout_basic_swamp, hangedman_swamp_cone
Swamp:2:  layout_basic_swamp, evilmike_swamp_ruin_house_4, swamp_pool2,
          roderic_carrion_pond
Swamp:3:  swamp_fiery, layout_basic_swamp, infiniplex_staircase_pool,
          uniq_nikola
Snake:1:  layout_honeycomb, gammafunk_ghost_grave, serial_shops,
          bzr_entry_lakeside, serial_bayou_pond_b
Snake:2:  layout_chambers
Snake:3:  snake_hunt, layout_grid_shapes, serial_shops, shop_fountains,
          spider_trap
Slime:1:  nicolae_slime_jelly_donut, layout_slime_grid
Slime:2:  layout_slime_grid
Slime:3:  layout_slime_grid
Slime:4:  layout_slime_grid, uniq_dissolution
Slime:5:  slime_pit_nicolae_royal_road_to_ruin
Orc:      st_orc_pillars, layout_caves, slime_altar_1, serial_shops, shop,
          uniq_jorgrun
Vaults:1: nicolae_vaults_network_periphery, v_misc_3,
          nicolae_vaults_little_squares_4, vaults_room_pools, v_alt_pattern_1,
          v_misc_9, nicolae_vaults_little_squares_5,
          ontoclasm_vaults_loading_screen, nicolae_vaults_border_crossing,
          vaults_room_pools, v_misc_19, vaults_mumra_hex,
          hangedman_vaults_unwind, layout_vaults_maze,
          minmay_crypt_entry_simple_plaza, serial_shops, shop, uniq_aizul
Vaults:2: vaults_standard_mumra_x, nicolae_vaults_network_star, v_misc_9,
          nicolae_vaults_ninety_degrees, nicolae_vaults_network_s,
          vaults_dpeg_cross, v_misc_14, v_misc_16,
          nicolae_vaults_little_squares_2, dpeg_vaults_monster_box,
          grunt_vaults_diagonal, vaults_room_semicircle,
          vaults_room_stairs_pillars, layout_vaults_ring, serial_shops,
          bzr_firewalk, nicolae_shop_crystal, shop, nicolae_shop_stone,
          nicolae_shop_statue_plus, uniq_mara
Forest:1: layout_twisted_forest, grunt_forest_large_clearing_guards
Forest:2: layout_twisted_forest
Forest:3: grunt_forest_end_shrine, layout_twisted_forest,
          grunt_forest_large_clearing_statues
Crypt:1:  layout_chaotic_city, minmay_misc_feat_columns,
          grunt_crypt_arrival_split, grunt_megastairs_5, uniq_xtahua
Crypt:2:  due_elkab, layout_chaotic_city, uniq_jory, uniq_margery
Depths:1: layout_long_grid, hell_entry, skrybe_limestone_x,
          grunt_pan_entry_zigzag, serial_sigils_hangedman_writhe,
          evilmike_ambush [evilmike_ambush_outer_pillars,
          evilmike_ambush_inner_basic]
Depths:2: minmay_concentric_multi, layout_gridlike,
          infiniplex_enter_wizlab_water, rand_demon_pan_entry_7,
          abyss_entry_glasseish, hell_entry, uniq_zenata
Depths:3: minmay_tri_stars, layout_gridlike, grunt_pan_entry_spiral, hell_entry,
          serial_corexii_hall, chequers_hall_statues_corner_a,
          corexii_hall_statues_deadend, corexii_hall_statues_i,
          chequers_hall_statues_y, minivault_15,
          hangedman_abyss_or_decor_lesser_grid, st_stairs_13, hallowed_hall
Depths:4: grunt_arcs, layout_long_grid, reono_crystal_passage, abyss_entry,
          hell_entry, hangedman_decor_slide_cut
Depths:5: evilmike_zot_entry_hall, layout_cave_pools, enter_ziggurat_f,
          serial_shops, nicolae_shop_stone,
          nicolae_abyss_entry_one_way_or_another, pan_entry,
          grunt_mini_vestibule, columned_hall_lemuel, lightli_gold_pyramid
Zot:1:    layout_basic
Zot:2:    layout_concentric_octagons
Zot:3:    kennysheep_blocky_hall, layout_onion_interference
Zot:4:    layout_onion_interference, regret_index_zotdec_banners
Zot:5:    layout_gridlike

Notes
Turn   | Place    | Note
-------+----------+-------------------------------------------
     0 | D:1      | quik the Formicid Fighter began the quest for the Orb.
     0 | D:1      | Reached XP level 1. HP: 18/18 MP: 1/1
    65 | D:1      | Identified a scroll of identify
   211 | D:1      | Reached XP level 2. HP: 24/24 MP: 2/2
   264 | D:1      | Identified a potion of degeneration
   305 | D:1      | Reached skill level 3 in Staves
   405 | D:1      | Reached XP level 3. HP: 18/29 MP: 3/3
   462 | D:1      | Identified a potion of haste
   835 | D:2      | Identified 2 scrolls of teleportation
   861 | D:2      | Identified a potion of heal wounds
  1097 | D:2      | Noticed Terence
  1109 | D:2      | Killed Terence
  1110 | D:2      | Reached skill level 4 in Staves
  1110 | D:2      | Reached XP level 4. HP: 34/35 MP: 4/4
  1265 | D:2      | Identified an uncursed ring of poison resistance
  1338 | D:2      | Identified a potion of curing
  1569 | D:2      | Reached XP level 5. HP: 31/41 MP: 5/5
  1732 | D:3      | Identified 2 scrolls of remove curse
  1750 | D:3      | Reached skill level 5 in Staves
  1799 | D:3      | HP: 10/41 [orc wizard/puff of flame (10)]
  1960 | D:3      | Noticed Sigmund
  2160 | D:3      | Reached XP level 6. HP: 47/47 MP: 6/6
  2207 | D:3      | Identified a potion of magic
  2412 | D:3      | Reached skill level 6 in Staves
  2862 | D:3      | Found an opulent altar of Gozag.
  2866 | D:3      | Found a runed translucent gate.
  2866 | D:3      | Found a runed translucent gate.
  2866 | D:3      | Found a runed translucent gate.
  2866 | D:3      | Noticed AndrolTheGreedy's ghost (amateur DsSk)
  3063 | D:3      | Killed AndrolTheGreedy's ghost
  3218 | D:4      | Identified 3 scrolls of fear
  3219 | D:4      | Identified an amulet of the acrobat (You found it on level
                  | 4 of the Dungeon)
  3267 | D:4      | Noticed a black bear
  3411 | D:4      | Identified a potion of ambrosia
  3419 | D:4      | Reached skill level 7 in Staves
  3419 | D:4      | Reached XP level 7. HP: 52/52 MP: 7/7
  3495 | D:4      | Identified an amulet of regeneration (You found it on level
                  | 4 of the Dungeon)
  3827 | D:4      | Reached skill level 8 in Staves
  3926 | D:4      | Reached skill level 4 in Fighting
  3932 | D:4      | Reached skill level 4 in Shields
  3932 | D:4      | Reached XP level 8. HP: 42/60 MP: 8/8
  3983 | D:4      | Found a runed translucent door.
  3987 | D:4      | Noticed fifreuwaquouxo3460's ghost (amateur TrAc)
  3993 | D:4      | Identified a +2 amulet of reflection
  4003 | D:4      | Reached skill level 5 in Shields
  4185 | D:4      | Identified a potion of invisibility
  4288 | D:5      | Entered Level 5 of the Dungeon
  4297 | D:5      | Reached skill level 6 in Shields
  4314 | D:5      | Identified a scroll of blinking
  4315 | D:5      | Identified a scroll of enchant armour
  4316 | D:5      | Identified a scroll of noise
  4317 | D:5      | Identified a scroll of amnesia
  4348 | D:4      | Reached skill level 7 in Shields
  4388 | D:5      | Found a staircase to the Ecumenical Temple.
  4402 | Temple   | Entered the Ecumenical Temple
  4428 | Temple   | Became a worshipper of Warmaster Okawaru
  4462 | D:5      | Found a runed translucent door.
  4463 | D:5      | Noticed tronn's ghost (weakling OpEE)
  4483 | D:5      | Killed tronn's ghost
  4491 | D:5      | Found a runed translucent door.
  4529 | D:5      | Found a glowing drain.
  4538 | Sewer    | Entered a sewer
  4563 | Sewer    | Reached skill level 5 in Fighting
  4658 | Sewer    | Reached skill level 4 in Armour
  4850 | Sewer    | Reached XP level 9. HP: 53/69 MP: 7/9
  4923 | Sewer    | Reached skill level 6 in Fighting
  5083 | D:5      | Got a smoking golden ring
  5084 | D:5      | Identified the cursed ring of Qideath {*Drain +Blink rPois
                  | EV-3 Slay+5} (You found it on level 5 of the Dungeon)
  5091 | D:5      | Reached * piety under Okawaru
  5112 | D:5      | Found Ylumequrgh's Food Shoppe.
  5348 | D:5      | Identified an amulet of magic regeneration (You found it on
                  | level 5 of the Dungeon)
  5513 | D:5      | Reached skill level 9 in Staves
  5513 | D:5      | Reached skill level 1 in Invocations
  5531 | D:5      | Got a scorched leather armour
  5597 | D:5      | Reached skill level 2 in Invocations
  5788 | D:6      | Noticed Eustachio
  5883 | D:6      | Found Duinaode's General Store.
  5915 | D:5      | Killed Eustachio
  5999 | D:6      | Found a hide-covered altar of Uskayaw.
  6002 | D:6      | Found a bloodstained altar of Trog.
  6002 | D:6      | Found a hazy altar of Hepliaklqana.
  6002 | D:6      | Found a sparkling altar of Nemelex Xobeh.
  6115 | D:6      | Reached skill level 7 in Fighting
  6378 | D:6      | Noticed a centaur warrior
  6394 | D:6      | Killed a centaur warrior
  6394 | D:6      | Reached ** piety under Okawaru
  6395 | D:6      | Reached skill level 8 in Fighting
  6395 | D:6      | Reached skill level 9 in Fighting
  6395 | D:6      | Reached XP level 10. HP: 78/83 MP: 8/11
  6594 | D:6      | Reached skill level 5 in Armour
  6918 | D:3      | Found an opulent altar of Gozag.
  7007 | D:3      | Killed Sigmund
  7008 | D:3      | Reached skill level 1 in Dodging
  7008 | D:3      | Reached skill level 2 in Dodging
  7385 | D:7      | Identified an uncursed amulet of guardian spirit
  7440 | D:7      | Reached *** piety under Okawaru
  7441 | D:7      | Reached skill level 8 in Shields
  7498 | D:7      | Found Biezxy's Antique Weapon Emporium.
  7735 | D:7      | Reached skill level 9 in Shields
  7735 | D:7      | Reached skill level 1 in Evocations
  7744 | D:7      | Reached skill level 2 in Evocations
  7854 | D:7      | Identified 3 scrolls of immolation
  8024 | D:7      | Reached skill level 3 in Evocations
  8091 | D:7      | Identified a potion of brilliance
  8237 | D:8      | Identified a potion of agility
  8260 | D:8      | Reached skill level 4 in Evocations
  8332 | D:8      | Noticed an eye of draining
  8343 | D:8      | Killed an eye of draining
  8343 | D:8      | Reached **** piety under Okawaru
  8344 | D:8      | Reached skill level 5 in Evocations
  8528 | D:8      | Reached XP level 11. HP: 76/90 MP: 14/14
  8531 | D:8      | Found the +7 sceptre of Torment {pain, torment}
  8568 | D:8      | Noticed a red ugly thing
  8600 | D:8      | Killed a red ugly thing
  8601 | D:8      | Reached skill level 10 in Fighting
  8751 | D:8      | Identified an uncursed ring of protection from cold
  8855 | D:8      | Noticed a two-headed ogre
  8861 | D:8      | Killed a two-headed ogre
  8862 | D:8      | Reached skill level 11 in Fighting
  8958 | D:8      | Found the +27 Lear's hauberk
  8963 | D:8      | Found an ornate altar of the Wu Jian Council.
  9179 | D:8      | Found a staircase to the Orcish Mines.
  9195 | D:8      | Found a roughly hewn altar of Beogh.
  9311 | D:8      | Reached ***** piety under Okawaru
  9312 | D:8      | Reached skill level 12 in Fighting
  9546 | D:9      | Found Zaxy's Gadget Shoppe.
  9569 | D:9      | Identified a scroll of revelation
  9569 | D:9      | Found a transporter.
  9575 | D:9      | Bought a wand of clouds (6) for 210 gold pieces
  9587 | D:9      | Found Taoluag's Distillery.
  9662 | D:9      | Reached skill level 13 in Fighting
  9683 | D:9      | HP: 20/98 [harpy simulacrum (9)]
  9694 | D:9      | HP: 20/98 [harpy simulacrum (5)]
  9694 | D:9      | HP: 8/98 [harpy simulacrum (7)]
  9732 | D:9      | HP: 18/98 [porcupine's spines (16)]
  9739 | D:9      | HP: 13/98 [porcupine's spines (11)]
  9741 | D:9      | Reached skill level 6 in Armour
  9793 | D:9      | HP: 20/98 [electric eel/bolt of electricity (16)]
  9796 | D:9      | Found a staircase to the Lair.
  9806 | D:9      | Found Duib's Magic Scroll Boutique.
  9812 | D:9      | HP: 23/98 [crocodile (9)]
  9845 | D:9      | Received a gift from Okawaru
  9846 | D:9      | Reached skill level 3 in Dodging
  9848 | D:9      | Got a crystal demon blade {god gift}
  9885 | D:9      | Found a flagged portal.
  9895 | Bailey   | Entered a bailey
  9919 | Bailey   | Noticed an orc knight
  9930 | Bailey   | Noticed an orc knight
  9936 | Bailey   | Got the ring "Wengaura" {+Fly}
  9938 | Bailey   | Identified the ring "Wengaura" {+Fly MR+} (You found it in
                  | a bailey)
  9947 | Bailey   | Reached XP level 12. HP: 99/105 MP: 15/15
 10187 | Bailey   | Reached skill level 4 in Dodging
 10223 | Bailey   | Identified an uncursed ring of stealth
 10297 | Bailey   | Reached skill level 7 in Armour
 10430 | D:9      | Bought a scroll of summoning for 130 gold pieces
 10430 | D:9      | Bought a scroll of fog for 26 gold pieces
 10430 | D:9      | Bought a scroll of silence for 97 gold pieces
 10518 | D:9      | Noticed Cris's ghost (novice FrCj)
 10534 | D:9      | Found a transporter.
 10663 | D:9      | Got a heavily runed copper ring
 10665 | D:9      | Identified the ring "Nalil" {rC+ Dex+6} (You found it on
                  | level 9 of the Dungeon)
 10909 | D:9      | Noticed an ogre mage
 10949 | D:9      | Killed an ogre mage
 10996 | D:9      | Found Riexzimn's Antique Weapon Emporium.
 11442 | Lair:1   | Entered Level 1 of the Lair of Beasts
 11534 | Lair:1   | Reached skill level 14 in Fighting
 11764 | Lair:1   | Reached skill level 8 in Armour
 11969 | Lair:1   | Reached skill level 3 in Invocations
 12054 | Lair:1   | Reached skill level 4 in Invocations
 12332 | Lair:1   | Reached skill level 5 in Invocations
 12490 | Lair:1   | Reached skill level 9 in Armour
 12588 | Lair:1   | Found the +8 trident of the Octopus King {venom, rElec
                  | rPois MR+}
 12775 | Lair:2   | Reached XP level 13. HP: 95/113 MP: 14/16
 12803 | Lair:2   | Reached skill level 10 in Armour
 12882 | Lair:2   | Received a gift from Okawaru
 12917 | Lair:2   | Identified a potion of resistance
 12959 | Lair:2   | Reached skill level 6 in Invocations
 13018 | Lair:2   | Found a staircase to the Snake Pit.
 13065 | Lair:2   | Reached skill level 7 in Invocations
 13215 | Lair:2   | Found a glowing silver altar of Zin.
 13462 | Lair:2   | Got a polished rapier
 13768 | Lair:3   | Identified 2 scrolls of acquirement
 13769 | Lair:3   | Identified a scroll of enchant weapon
 13770 | Lair:3   | Identified the ring of Xom's Full Attention {*Drain rF-
                  | Str+5 Int+4 Slay+5} (You acquired it on level 3 of the Lair
                  | of Beasts)
 13772 | Lair:3   | Identified the +2 pair of gloves of the True Pharaoh {+Inv
                  | rElec rCorr Slay-5} (You acquired it on level 3 of the Lair
                  | of Beasts)
 13772 | Lair:3   | Identified the ring of the Establishment {Ice +Fly} (You
                  | acquired it on level 3 of the Lair of Beasts)
 13915 | Lair:3   | Reached skill level 15 in Fighting
 13929 | Lair:3   | Reached skill level 10 in Shields
 14057 | Lair:3   | Identified a scroll of vulnerability
 14090 | Lair:3   | Received a gift from Okawaru
 14138 | Lair:3   | Reached skill level 11 in Shields
 14161 | Lair:3   | Found a dark tunnel.
 14166 | Volcano  | Entered a volcano
 14229 | Volcano  | Reached skill level 12 in Shields
 15328 | Lair:4   | Reached XP level 14. HP: 119/123 MP: 17/19
 15380 | Lair:4   | Reached ****** piety under Okawaru
 15399 | Lair:4   | Identified an amulet of rage (You found it on level 4 of
                  | the Lair of Beasts)
 15523 | Lair:4   | Reached skill level 13 in Shields
 15638 | Lair:4   | Identified a potion of mutation
 15772 | Lair:4   | Reached skill level 10 in Staves
 15801 | Lair:4   | Received a gift from Okawaru
 15808 | Lair:4   | Reached skill level 11 in Staves
 16242 | Lair:4   | Found a staircase to the Swamp.
 16260 | Lair:4   | Reached skill level 14 in Shields
 16470 | Lair:5   | Identified a ring of slaying (You found it on level 5 of
                  | the Lair of Beasts)
 16661 | Lair:5   | Identified a ring of fire (You found it on level 5 of the
                  | Lair of Beasts)
 16919 | Lair:5   | Received a gift from Okawaru
 17237 | Lair:5   | Found a blossoming altar of Fedhas.
 17668 | Lair:5   | Upgraded the game from bcrawl-1.39.1 to bcrawl-1.41
 17669 | Lair:6   | Entered Level 6 of the Lair of Beasts
 17683 | Lair:6   | Reached skill level 15 in Shields
 17791 | Lair:6   | Reached skill level 5 in Dodging
 17858 | Lair:6   | Reached XP level 15. HP: 119/129 MP: 20/20
 18110 | Lair:6   | Reached skill level 16 in Shields
 18206 | Lair:6   | Received a gift from Okawaru
 18755 | Lair:6   | Found a staircase to the Spriggan Forest.
 18804 | Lair:6   | Reached skill level 17 in Shields
 18993 | Lair:6   | Reached skill level 8 in Invocations
 19220 | Lair:6   | Got an ichor-stained mace
 19461 | D:10     | Entered Level 10 of the Dungeon
 19466 | D:10     | Found a snail-covered altar of Cheibriados.
 19530 | D:10     | Identified the +8 mace "Ischuse" {crush, SInv} (You found
                  | it on level 6 of the Lair of Beasts)
 19986 | D:10     | Reached skill level 9 in Invocations
 20516 | D:11     | Noticed Grum
 20519 | D:11     | Killed Grum
 20531 | D:11     | Reached skill level 10 in Invocations
 20593 | D:11     | Noticed Snorg
 20621 | D:11     | Killed Snorg
 20754 | D:11     | Noticed Harold
 20774 | D:11     | Killed Harold
 20775 | D:11     | Reached skill level 6 in Evocations
 20879 | D:11     | Reached skill level 7 in Evocations
 20904 | D:11     | Found a gate to the Vaults.
 20939 | D:11     | Got a smouldering arbalest
 20940 | D:11     | Identified the +1 arbalest "Leviticus" {penet, -Tele +Fly
                  | MR+++ Str-2} (You found it on level 11 of the Dungeon)
 21266 | D:11     | Got a clouded silver amulet
 21301 | D:11     | Identified the amulet of Departure {Regen Str+3 Int+4} (You
                  | found it on level 11 of the Dungeon)
 21344 | D:11     | Got a polished arbalest
 21461 | Orc      | Entered the Orcish Mines
 21474 | Orc      | Found Lacwad's Weapon Shop.
 21578 | Orc      | Noticed Jorgrun
 21592 | Orc      | Killed Jorgrun
 21592 | Orc      | Received a gift from Okawaru
 21593 | Orc      | Reached skill level 8 in Evocations
 21593 | Orc      | Reached XP level 16. HP: 130/136 MP: 21/23
 21735 | Orc      | Found a staircase to the Slime Pits.
 21736 | Orc      | Found a viscous altar of Jiyva.
 22396 | Orc      | Reached skill level 6 in Dodging
 22737 | Orc      | Reached skill level 7 in Dodging
 22944 | Orc      | Found Miublyetz's Jewellery Boutique.
 22946 | Orc      | Found Egrig's Magic Scroll Boutique.
 22946 | Orc      | Found Remuzes's Food Shop.
 22947 | Orc      | Found Nucoz's Armour Boutique.
 22954 | Orc      | Bought a scroll of identify for 30 gold pieces
 22954 | Orc      | Bought a scroll of identify for 30 gold pieces
 22954 | Orc      | Identified the +6 arbalest of Luxury {elec, rElec rN+
                  | Dex+3} (You found it on level 11 of the Dungeon)
 22981 | Orc      | Bought a scroll of revelation for 60 gold pieces
 22981 | Orc      | Bought a scroll of enchant weapon for 112 gold pieces
 22981 | Orc      | Bought a scroll of enchant weapon for 112 gold pieces
 22983 | Orc      | Bought a scroll of silence for 112 gold pieces
 22983 | Orc      | Bought a scroll of fog for 30 gold pieces
 23202 | D:12     | Entered Level 12 of the Dungeon
 23363 | D:12     | Reached skill level 8 in Dodging
 23425 | D:12     | Found Atavar's Weapon Shoppe.
 23673 | D:12     | Found a staircase to the Depths.
 23879 | D:12     | Reached skill level 9 in Dodging
 24664 | Swamp:1  | Entered Level 1 of the Swamp
 24719 | Swamp:1  | Reached skill level 10 in Dodging
 25976 | Swamp:2  | Received a gift from Okawaru
 25977 | Swamp:2  | Reached XP level 17. HP: 134/144 MP: 24/24
 26005 | Swamp:2  | Reached skill level 16 in Fighting
 26063 | Swamp:2  | Noticed a thorn hunter
 26073 | Swamp:2  | Killed a thorn hunter
 27053 | Snake:1  | Entered Level 1 of the Snake Pit
 27078 | Snake:1  | Found a flickering gateway to a bazaar.
 27099 | Bazaar   | Entered a bazaar
 27137 | Bazaar   | Found Gilasch's Food Boutique.
 27137 | Bazaar   | Found Mamouzan's Weapon Shop.
 27163 | Bazaar   | Found Vurokoll's Distillery.
 27163 | Bazaar   | Found Zyhodep's Magic Scroll Boutique.
 27169 | Bazaar   | Bought a potion of cancellation for 55 gold pieces
 27184 | Bazaar   | Bought a scroll of vulnerability for 75 gold pieces
 27184 | Bazaar   | Bought a scroll of enchant armour for 75 gold pieces
 27190 | Bazaar   | Bought 2 potions of mutation for 176 gold pieces
 27190 | Bazaar   | Bought a potion of agility for 44 gold pieces
 27190 | Bazaar   | Bought a potion of mutation for 88 gold pieces
 27268 | Snake:1  | Reached skill level 17 in Fighting
 27493 | Snake:1  | Identified the +2 lajatang of Terra Cotta {holy, MR+ MP+9
                  | Dex-2} (You acquired it on level 1 of the Snake Pit)
 27493 | Snake:1  | Identified a ring of resist corrosion (You acquired it on
                  | level 1 of the Snake Pit)
 27620 | Snake:1  | Received a gift from Okawaru
 27732 | Snake:1  | Got a transparent ivory ring
 27733 | Snake:1  | Identified the ring "Juosoiro" {Fire rElec MR+ Int-4} (You
                  | found it on level 1 of the Snake Pit)
 27765 | Snake:1  | Got a faintly glowing steel ring
 27766 | Snake:1  | Identified the ring of the Invisible Hand {+Fly MR+} (You
                  | found it on level 1 of the Snake Pit)
 27907 | Snake:1  | Found a runed translucent door.
 27908 | Snake:1  | Noticed Wachungys's ghost (journeyman NaAc)
 28233 | Snake:1  | Killed Wachungys's ghost
 28675 | Snake:2  | Reached skill level 18 in Fighting
 29634 | Snake:3  | Entered Level 3 of the Snake Pit
 29654 | Snake:2  | Received a gift from Okawaru
 29725 | Snake:3  | Got a scorched dagger
 29726 | Snake:3  | Identified the cursed +0 dagger "Ypeikh" {vamp, rC++} (You
                  | found it on level 3 of the Snake Pit)
 29808 | Snake:3  | Reached skill level 19 in Fighting
 29856 | Snake:3  | Reached XP level 18. HP: 160/160 MP: 23/25
 30621 | Snake:3  | Identified a potion of lignification
 30666 | Snake:3  | Found Eseckova's Antique Weapon Shoppe.
 30968 | Snake:3  | Reached skill level 20 in Fighting
 30994 | Snake:3  | Received a gift from Okawaru
 30995 | Snake:3  | Reached skill level 11 in Invocations
 31060 | Snake:3  | Reached skill level 12 in Invocations
 31113 | Snake:3  | Reached skill level 13 in Invocations
 31204 | Snake:3  | Reached XP level 19. HP: 170/170 MP: 28/28
 31299 | Snake:3  | Got a serpentine rune of Zot
 31824 | Swamp:3  | Entered Level 3 of the Swamp
 31842 | Swamp:3  | Identified the +1 pair of boots of the Pirate {rF- rN+
                  | MR++}
 32230 | Swamp:3  | Noticed Nikola
 32252 | Swamp:3  | Killed Nikola
 32252 | Swamp:3  | Received a gift from Okawaru
 32272 | Swamp:3  | Reached skill level 21 in Fighting
 32674 | Swamp:3  | Identified a potion of berserk rage
 33043 | Swamp:3  | Identified an uncursed ring of wizardry
 33063 | Swamp:3  | Got a decaying rune of Zot
 33696 | Depths:1 | Entered Level 1 of the Depths
 33703 | Depths:2 | Noticed a rockslime
 33792 | Depths:2 | Found a magical portal.
 33801 | Depths:2 | Noticed a rockslime
 33818 | Depths:2 | Killed a rockslime
 33818 | Depths:2 | Received a gift from Okawaru
 33833 | WizLab   | Entered Doroklohe's Tomb
 33873 | WizLab   | Identified the +4 leather armour of Diujeyze {rN+}
 33887 | WizLab   | Identified the +0 pair of boots "Cucs" {*Contam rN+ MP+9
                  | Int+3}
 33914 | WizLab   | Identified the +1 leather armour "Paffoav" {SInv}
 33923 | WizLab   | Noticed an ancient lich
 33949 | WizLab   | Killed an ancient lich
 33950 | WizLab   | Reached skill level 22 in Fighting
 34049 | WizLab   | Identified the +1 plate armour of Agownije {rElec MR+
                  | rCorr} (You found it in a wizard's laboratory)
 34095 | WizLab   | Identified the +9 ice dragon scales of Sif Muna's
                  | Benevolence {rF- rC++ rN+}
 34179 | WizLab   | Identified the +5 chain mail of the Dozen Continents
                  | {rPois}
 34688 | Depths:1 | Reached skill level 18 in Shields
 34716 | Depths:1 | Reached XP level 20. HP: 162/181 MP: 29/29
 34901 | Depths:1 | Reached skill level 11 in Armour
 35263 | Depths:1 | Found a one-way gate leading to the halls of Pandemonium.
 35335 | Depths:1 | Reached skill level 12 in Armour
 35613 | Depths:1 | Identified the +1 ring mail of Lifelessness {rCorr Stlth+}
                  | (Okawaru gifted it to you on level 1 of the Depths)
 35613 | Depths:1 | Received a gift from Okawaru
 35662 | Depths:1 | Reached skill level 13 in Armour
 35736 | Depths:1 | HP: 41/181 [deep troll (18)]
 35920 | Depths:1 | Reached skill level 14 in Armour
 35994 | Depths:1 | Found a gateway to Hell.
 36081 | Depths:1 | Identified an uncursed ring of insulation
 37021 | D:9      | Bought a potion of agility for 60 gold pieces
 37021 | D:9      | Bought a potion of heal wounds for 75 gold pieces
 37021 | D:9      | Bought 2 potions of heal wounds for 150 gold pieces
 37021 | D:9      | Bought a potion of heal wounds for 75 gold pieces
 37021 | D:9      | Bought a potion of heal wounds for 75 gold pieces
 37021 | D:9      | Bought a potion of agility for 60 gold pieces
 37021 | D:9      | Bought a potion of agility for 60 gold pieces
 37037 | D:9      | Bought a wand of iceblast (11) for 180 gold pieces
 37037 | D:9      | Bought a wand of iceblast (6) for 105 gold pieces
 37037 | D:9      | Bought a fan of gales (2/2) for 300 gold pieces
 37037 | D:9      | Bought a sack of spiders for 300 gold pieces
 37076 | D:9      | Bought a scroll of enchant armour for 97 gold pieces
 37082 | D:9      | Identified the +3 demon blade of the Feather {drain, rPois
                  | rC+} (Okawaru gifted it to you on level 9 of the Dungeon)
 37211 | Orc      | Bought a scroll of enchant armour for 112 gold pieces
 37211 | Orc      | Bought 3 scrolls of noise for 45 gold pieces
 37852 | Depths:2 | Reached skill level 15 in Armour
 37939 | Depths:2 | Found a one-way gate to the infinite horrors of the Abyss.
 38008 | Depths:2 | Received a gift from Okawaru
 38158 | Depths:2 | Reached XP level 21. HP: 178/188 MP: 30/30
 38422 | Depths:2 | Reached skill level 11 in Dodging
 38464 | Depths:2 | Noticed a Killer Klown
 38492 | Depths:2 | Killed a Killer Klown
 38493 | Depths:2 | Reached skill level 9 in Evocations
 38508 | Depths:2 | Noticed a rockslime
 38517 | Depths:2 | Killed a rockslime
 38650 | D:9      | Bought a wand of paralysis (7) for 80 gold pieces
 38868 | Depths:2 | Noticed Zenata
 38879 | Depths:2 | Noticed a rockslime
 38887 | Depths:2 | Killed Zenata
 38888 | Depths:2 | Reached skill level 10 in Evocations
 38899 | Depths:2 | Killed a rockslime
 38955 | Depths:2 | Identified a cursed ring of teleportation
 39242 | Depths:2 | Identified the cursed ring of Noon {Fire rN+}
 39245 | Depths:2 | Identified the Guide on Dislocated Unholy Rites
 39396 | Depths:3 | Noticed a pearl dragon
 39415 | Depths:3 | Killed a pearl dragon
 39415 | Depths:3 | Received a gift from Okawaru
 39415 | Depths:3 | Identified +0 pearl dragon scales
 39416 | Depths:3 | Reached skill level 12 in Dodging
 39612 | Depths:3 | Identified a +5 ring of strength
 39804 | Depths:3 | Identified a +2 ring of protection
 39813 | Depths:3 | Reached skill level 16 in Armour
 40787 | Depths:3 | Reached XP level 22. HP: 174/196 MP: 31/31
 40813 | Depths:3 | Reached skill level 13 in Dodging
 40868 | Depths:3 | Identified the cursed +0 chain mail of the Guardian {-Cast
                  | +Blink rElec rCorr}
 41173 | Depths:3 | Received a gift from Okawaru
 41297 | Depths:3 | Identified the +2 whip of Bolorph {drain, rPois}
 41499 | Depths:3 | Found a glowing silver altar of Zin.
 41501 | Depths:3 | Found a white marble altar of Elyvilon.
 41502 | Depths:3 | Found a glowing golden altar of the Shining One.
 41588 | Depths:4 | Noticed a golden dragon
 41617 | Depths:4 | Killed a golden dragon
 41618 | Depths:4 | Reached skill level 17 in Armour
 41618 | Depths:4 | Reached skill level 2 in Throwing
 41632 | Depths:4 | Reached skill level 3 in Throwing
 41649 | Depths:4 | Reached skill level 4 in Throwing
 41689 | Depths:4 | Reached skill level 5 in Throwing
 41695 | Depths:4 | Received a gift from Okawaru
 41712 | Depths:4 | Identified Sass's Papyrus of Flight and Conjuration
 41785 | Depths:4 | Noticed a caustic shrike
 41785 | Depths:4 | Noticed a caustic shrike
 41785 | Depths:4 | Noticed a caustic shrike
 41794 | Depths:4 | Killed a caustic shrike
 41797 | Depths:4 | Killed a caustic shrike
 41798 | Depths:4 | Reached skill level 6 in Throwing
 41807 | Depths:4 | Killed a caustic shrike
 41808 | Depths:4 | Reached skill level 7 in Throwing
 41827 | Depths:4 | Identified a scroll of brand weapon
 41999 | Depths:4 | Identified a +1 crystal plate armour (Okawaru gifted it to
                  | you on level 4 of the Depths)
 41999 | Depths:4 | Received a gift from Okawaru
 42045 | Depths:4 | Reached skill level 8 in Throwing
 42054 | Depths:4 | Noticed a caustic shrike
 42054 | Depths:4 | Noticed a caustic shrike
 42064 | Depths:4 | Noticed a caustic shrike
 42079 | Depths:4 | Killed a caustic shrike
 42080 | Depths:4 | Noticed a caustic shrike
 42085 | Depths:4 | Killed a caustic shrike
 42086 | Depths:4 | Reached skill level 9 in Throwing
 42095 | Depths:4 | Killed a caustic shrike
 42106 | Depths:4 | Killed a caustic shrike
 42106 | Depths:4 | Noticed a Killer Klown
 42117 | Depths:4 | Killed a Killer Klown
 42117 | Depths:4 | Noticed a caustic shrike
 42118 | Depths:4 | Reached skill level 10 in Throwing
 42118 | Depths:4 | Reached XP level 23. HP: 151/203 MP: 29/32
 42123 | Depths:4 | Killed a caustic shrike
 42135 | Depths:4 | Noticed a caustic shrike
 42145 | Depths:4 | Killed a caustic shrike
 42158 | Depths:4 | Reached skill level 11 in Throwing
 42158 | Depths:4 | Reached skill level 2 in Stealth
 42159 | Depths:4 | Noticed a caustic shrike
 42168 | Depths:4 | Killed a caustic shrike
 42168 | Depths:4 | Received a gift from Okawaru
 42169 | Depths:4 | Reached skill level 5 in Stealth
 42175 | Depths:4 | Noticed a caustic shrike
 42183 | Depths:4 | Killed a caustic shrike
 42184 | Depths:4 | Reached skill level 7 in Stealth
 42187 | Depths:4 | Noticed a juggernaut
 42203 | Depths:4 | Killed a juggernaut
 42204 | Depths:4 | Reached skill level 10 in Stealth
 42204 | Depths:4 | Identified a +3 ring of intelligence
 42235 | Depths:4 | Identified the +1 long sword "Ryloc" {venom, rF+ rC+}
 42238 | Depths:4 | Identified the +3 flail of Pigg {freeze, rN++ MR- Dex+4}
 42255 | Depths:4 | Identified the amulet "Xiunanio" {Faith rElec rF++ Stlth+}
 42287 | Depths:4 | Reached skill level 11 in Stealth
 42316 | Depths:4 | Reached skill level 12 in Stealth
 42434 | Depths:4 | Noticed a golden dragon
 42458 | Depths:4 | Killed a golden dragon
 42458 | Depths:4 | Received a gift from Okawaru
 42459 | Depths:4 | Reached skill level 13 in Stealth
 42971 | Vaults:1 | Entered Level 1 of the Vaults
 43064 | Vaults:1 | Reached skill level 14 in Stealth
 43159 | Vaults:1 | Identified the +1 robe of the Okapi {Regen+ Str+3} (Okawaru
                  | gifted it to you on level 1 of the Vaults)
 43159 | Vaults:1 | Received a gift from Okawaru
 43166 | Vaults:1 | Reached skill level 15 in Stealth
 43236 | Vaults:1 | Reached skill level 16 in Stealth
 43459 | Vaults:1 | Found a staircase to the Crypt.
 43626 | Vaults:1 | Noticed Aizul
 43643 | Vaults:1 | Killed Aizul
 43759 | Vaults:1 | Reached XP level 24. HP: 210/210 MP: 32/32
 43784 | Vaults:1 | Reached skill level 19 in Shields
 44017 | Vaults:1 | Found Xoobawos's Antique Armour Shoppe.
 44467 | Vaults:1 | Received a gift from Okawaru
 44675 | Vaults:2 | Identified the +1 cloak of Insecurity {+Blink rPois rN++
                  | Stlth-}
 44723 | Vaults:2 | Reached skill level 20 in Shields
 44753 | Vaults:2 | Identified the ring of Lusirghe {Fire Dex+4}
 44795 | Vaults:2 | Found Jom Gibb's Assorted Antiques.
 44803 | Vaults:2 | Found a flickering gateway to a bazaar.
 44822 | Bazaar   | Entered a bazaar
 44829 | Bazaar   | Found Dotyegui's Antique Armour Shoppe.
 44837 | Bazaar   | Found Leha's Weapon Boutique.
 44878 | Bazaar   | Found Guaxapt's Antique Weapon Emporium.
 44886 | Bazaar   | Found Eho Zeyb's Book Shop.
 44935 | Bazaar   | Bought a runed scarf for 176 gold pieces
 44993 | Vaults:2 | Bought a wand of acid (5) for 270 gold pieces
 45454 | Vaults:2 | Found Falow's Distillery.
 45572 | Vaults:2 | Noticed an entropy weaver
 45580 | Vaults:2 | Killed an entropy weaver
 45638 | Vaults:2 | Found Kaoz Appineh's Book Shoppe.
 45716 | Vaults:2 | Reached skill level 21 in Shields
 46100 | Vaults:2 | Found Carchoj's Magic Scroll Shop.
 46191 | Vaults:2 | Noticed Mara
 46214 | Vaults:2 | Noticed quik's illusion
 46221 | Vaults:2 | Noticed quik's illusion
 46235 | Vaults:2 | Killed Mara
 46235 | Vaults:2 | Received a gift from Okawaru
 46498 | Vaults:2 | Bought a potion of agility for 72 gold pieces
 46498 | Vaults:2 | Bought a potion of heal wounds for 90 gold pieces
 46532 | Vaults:2 | Bought a scroll of revelation for 108 gold pieces
 46532 | Vaults:2 | Bought a scroll of enchant armour for 202 gold pieces
 46533 | Vaults:2 | Bought a scroll of enchant armour for 202 gold pieces
 46585 | Vaults:2 | Bought a scroll of enchant armour for 127 gold pieces
 46585 | Vaults:2 | Bought a scroll of summoning for 170 gold pieces
 46705 | Crypt:1  | Entered Level 1 of the Crypt
 46948 | Crypt:1  | Reached skill level 22 in Shields
 47131 | Crypt:1  | Reached XP level 25. HP: 186/217 MP: 32/32
 47240 | Crypt:1  | Identified an uncursed ring of see invisible
 47283 | Crypt:1  | Noticed Xtahua
 47309 | Crypt:1  | Killed Xtahua
 47310 | Crypt:1  | Reached skill level 18 in Armour
 47521 | Crypt:1  | Identified the cursed +2 flail "Boror" {pain, MR+}
 47560 | Crypt:1  | Noticed a curse skull
 47593 | Crypt:1  | Killed a curse skull
 47911 | Crypt:2  | Entered Level 2 of the Crypt
 47923 | Crypt:2  | Received a gift from Okawaru
 48264 | Crypt:2  | Identified the +0 pair of gloves of Charity {rN+ Dex+4
                  | Slay-5} (You acquired it on level 2 of the Crypt)
 48264 | Crypt:2  | Identified a ring of dexterity (You acquired it on level 2
                  | of the Crypt)
 48267 | Crypt:2  | Identified an uncursed ring of protection from fire
 48352 | Crypt:2  | Received a gift from Okawaru
 48385 | Crypt:2  | Reached skill level 19 in Armour
 48543 | Crypt:2  | Found a staircase to the Tomb.
 48581 | Crypt:2  | Noticed Margery
 48603 | Crypt:2  | Killed Margery
 48760 | Crypt:2  | Received a gift from Okawaru
 48986 | Crypt:2  | Reached skill level 20 in Armour
 49361 | Crypt:2  | Noticed Jory
 49385 | Crypt:2  | Killed Jory
 50077 | Crypt:2  | Identified the ring of the Smoking Jester {rF+ rN+}
 50077 | Crypt:2  | Identified the ring "Uvohepp" {rElec rF- rN+ Str+7 Stlth+}
 50172 | Crypt:2  | Identified the Catalogue of Dark Arts
 50177 | Crypt:2  | Identified the +1 cloak of Doofriw {*Slow rN+ Int+5 Dex+3}
 50289 | Crypt:2  | Identified the +5 plate armour of Egalitarianism {+Fly rC-
                  | Int+3 Dex+3}
 50385 | Crypt:2  | Reached XP level 26. HP: 224/224 MP: 32/32
 50631 | Slime:1  | Entered Level 1 of the Pits of Slime
 50874 | Slime:1  | Reached skill level 17 in Stealth
 51214 | Slime:2  | Received a gift from Okawaru
 51231 | Slime:2  | Reached skill level 18 in Stealth
 51537 | Slime:2  | Received a gift from Okawaru
 52279 | Slime:3  | Reached skill level 19 in Stealth
 52605 | Slime:3  | Reached skill level 20 in Stealth
 52711 | Slime:3  | Received a gift from Okawaru
 53219 | Slime:4  | Reached skill level 21 in Armour
 53283 | Slime:4  | Received a gift from Okawaru
 53403 | Slime:4  | Noticed Dissolution
 53421 | Slime:4  | Killed Dissolution
 53442 | Slime:4  | Received a gift from Okawaru
 53851 | Slime:5  | Entered Level 5 of the Pits of Slime
 53900 | Slime:5  | Reached skill level 22 in Armour
 54075 | Slime:5  | Reached skill level 11 in Evocations
 54099 | Slime:5  | Reached XP level 27. HP: 162/231 MP: 29/32
 54168 | Slime:5  | Received a gift from Okawaru
 54552 | Slime:5  | Reached skill level 12 in Evocations
 54557 | Slime:5  | Noticed the Royal Jelly
 54599 | Slime:5  | Found a viscous altar of Jiyva.
 54623 | Slime:5  | Killed the Royal Jelly
 54623 | Slime:5  | Received a gift from Okawaru
 54624 | Slime:5  | Reached skill level 13 in Evocations
 54628 | Slime:5  | Was placed under penance by Okawaru
 54643 | Slime:5  | HP: 47/231 [death ooze[the Royal Jelly] (30)]
 54644 | Slime:5  | HP: 18/231 [death ooze[the Royal Jelly] (29)]
 54652 | Slime:5  | HP: 45/231 [disintegration (14)]
 54848 | Slime:5  | Identified the Handbook of the Snowflakes and the Rocks
 54896 | Slime:5  | Identified the +3 long sword of Gumid {flame, rC+ rN+ Int-3
                  | SInv}
 54921 | Slime:5  | Got a slimy rune of Zot
 54922 | Slime:5  | Identified the +2 ring mail of the Slorg {rCorr Dex+2}
 54929 | Slime:5  | Identified a +5 ring of evasion
 54932 | Slime:5  | Identified the Papyrus of Supportive Battle Magic
 54937 | Slime:5  | Identified the cursed +0 steam dragon scales "Eghyle"
                  | {*Drain rF++ rN+ rCorr}
 54946 | Slime:5  | Identified the ring "Ruephu Fusi" {Fire Int+4 Dex+3 Slay+3
                  | Stlth+}
 54952 | Slime:5  | Identified the Reference Book on Ghastly Protection
 54967 | Slime:5  | Identified the +1 leather armour "Naplat" {Int+4}
 55236 | D:4      | Killed fifreuwaquouxo3460's ghost
 55359 | D:9      | Killed Cris's ghost
 55489 | Lair:2   | Identified an uncursed amulet of the gourmand
 55495 | Lair:2   | Identified the +5 scythe of the Forgotten Orbs {drain,
                  | rC+++}
 55985 | Depths:5 | Entered Level 5 of the Depths
 55986 | Depths:5 | Found a gateway to a ziggurat.
 56001 | Depths:5 | Was forgiven by Okawaru
 56016 | Depths:5 | Reached skill level 12 in Staves
 56328 | Depths:5 | Found a runed door.
 56353 | Depths:5 | Received a gift from Okawaru
 56435 | Depths:5 | Noticed Louise
 56449 | Depths:5 | Killed Louise
 56507 | Depths:5 | Found Qeuge's Distillery.
 56520 | Depths:5 | Bought a potion of might for 72 gold pieces
 56520 | Depths:5 | Bought a potion of heal wounds for 90 gold pieces
 56520 | Depths:5 | Bought a potion of experience for 900 gold pieces
 56520 | Depths:5 | Reached skill level 14 in Evocations
 56544 | Depths:5 | Identified the +1 hunting sling of Growth {freeze, rElec}
                  | (Okawaru gifted it to you on level 5 of the Depths)
 56544 | Depths:5 | Received a gift from Okawaru
 56698 | Depths:5 | Reached skill level 15 in Evocations
 57137 | Depths:5 | Found a gate to the Realm of Zot.
 57464 | Depths:5 | Reached skill level 14 in Dodging
 57476 | Depths:5 | Noticed an ancient lich
 57660 | Depths:5 | Noticed a juggernaut
 57676 | Depths:5 | Killed a juggernaut
 57676 | Depths:5 | Received a gift from Okawaru
 57726 | Depths:5 | Killed an ancient lich
 57757 | Depths:5 | Identified the +5 great sword of Eternal War {slice, rC-
                  | Str+7}
 57798 | Depths:5 | Reached skill level 15 in Dodging
 58082 | Forest:1 | Entered Level 1 of the Spriggan Forest
 58222 | Forest:1 | Identified a scroll of torment
 58350 | Forest:1 | Received a gift from Okawaru
 58416 | Forest:1 | Learned a level 1 spell: Apportation
 58684 | Forest:1 | Learned a level 1 spell: Summon Butterflies
 59070 | Forest:1 | Identified the amulet "Lelate Zumo" {Gourm rC+ Str-3 Dex+2}
 59153 | Forest:2 | Reached skill level 16 in Dodging
 59840 | Forest:2 | Identified the amulet of Nobility {Inacc +Blink rElec
                  | Int-5}
 60428 | Forest:2 | Received a gift from Okawaru
 61164 | Forest:3 | Entered Level 3 of the Spriggan Forest
 61359 | Forest:3 | Reached skill level 17 in Dodging
 62225 | Forest:3 | Identified the ring "Pitei" {rElec rPois MR+ Int-2 Stlth+}
 62239 | Forest:3 | Identified the +9 plate armour of the Orb {Str+5 Int+3 SInv
                  | Stlth-}
 62275 | Forest:3 | Identified the +5 faerie dragon scales {rCorr Str+6 Stlth+}
 62275 | Forest:3 | Noticed the Enchantress
 62297 | Forest:3 | Killed the Enchantress
 62321 | Forest:3 | Reached skill level 18 in Dodging
 62360 | Forest:3 | Found a shimmering altar of Xom.
 62549 | Forest:3 | Identified the cursed +0 pair of gloves "Kesoun" {rElec}
 62565 | Forest:3 | Identified Tasar's Volume of Contamination and Changing
 63472 | Vaults:2 | Bought 2 potions of might for 144 gold pieces
 63472 | Vaults:2 | Bought a potion of lignification for 54 gold pieces
 63472 | Vaults:2 | Bought a potion of lignification for 54 gold pieces
 63698 | Depths:5 | Noticed a juggernaut
 63710 | Depths:5 | Killed a juggernaut
 63763 | Zot:1    | Entered Level 1 of the Realm of Zot
 63799 | Zot:1    | Received a gift from Okawaru
 64090 | Zot:1    | Reached skill level 19 in Dodging
 64306 | Zot:1    | Noticed a golden dragon
 64334 | Zot:1    | Killed a golden dragon
 64334 | Zot:1    | Received a gift from Okawaru
 64379 | Zot:1    | Received a gift from Okawaru
 64380 | Zot:1    | Found the +9 staff of Olgreb {+Poison rPois}
 65630 | Vaults:2 | Bought a potion of flight for 72 gold pieces
 65630 | Vaults:2 | Bought a potion of cancellation for 90 gold pieces
 65810 | D:9      | Bought a wand of digging (10) for 220 gold pieces
 65826 | D:9      | Bought a potion of lignification for 45 gold pieces
 65826 | D:9      | Bought a potion of lignification for 45 gold pieces
 65849 | D:9      | Bought a scroll of immolation for 45 gold pieces
 66166 | Zot:2    | Noticed a golden dragon
 66187 | Zot:2    | Killed a golden dragon
 66727 | Zot:2    | Reached skill level 13 in Staves
 66808 | Zot:2    | Noticed an electric golem
 66830 | Zot:2    | Killed an electric golem
 66831 | Zot:2    | Reached skill level 20 in Dodging
 67291 | Zot:3    | Identified the +4 trident "Yraqog" {freeze, Fragile MR+++
                  | Str+4}
 67469 | Zot:3    | Received a gift from Okawaru
 67525 | Zot:2    | Reached skill level 14 in Staves
 67805 | Zot:4    | Noticed a Killer Klown
 67805 | Zot:4    | Noticed a curse toe
 67880 | Zot:4    | Killed a Killer Klown
 67880 | Zot:4    | Received a gift from Okawaru
 67905 | Zot:4    | Killed a curse toe
 67906 | Zot:4    | Reached skill level 15 in Staves
 68345 | Zot:4    | Identified an uncursed ring of protection from magic
 68452 | Zot:5    | Entered Level 5 of the Realm of Zot
 68601 | Zot:5    | Identified the ring of Lies {Ice Str+3 Dex+4}
 68605 | Zot:5    | Noticed an electric golem
 68627 | Zot:5    | Killed an electric golem
 68876 | Zot:5    | Reached skill level 16 in Staves
 69060 | Zot:5    | Received a gift from Okawaru
 69089 | Zot:5    | Noticed an ancient lich
 69119 | Zot:5    | Killed an ancient lich
 69120 | Zot:5    | Reached skill level 16 in Evocations
 69128 | Zot:5    | Noticed an orb of fire
 69137 | Zot:5    | Gained mutation: Armour fits poorly on your strangely
                  | shaped body. [an orb of fire]
 69138 | Zot:5    | Killed an orb of fire
 69162 | Zot:5    | Noticed an orb of fire
 69183 | Zot:5    | Killed an orb of fire
 69184 | Zot:5    | Reached skill level 17 in Evocations
 69194 | Zot:5    | Received a gift from Okawaru
 69195 | Zot:5    | Found the +3 Elemental Staff {rElec rF++ rC++ MR++ AC+5}
 69278 | Zot:5    | Noticed an ancient lich
 69294 | Zot:5    | Killed an ancient lich
 69306 | Zot:5    | Noticed a curse toe
 69330 | Zot:5    | Killed a curse toe
 69378 | Zot:5    | Reached skill level 18 in Evocations
 69395 | Zot:5    | Noticed an ancient lich
 69427 | Zot:5    | Killed an ancient lich
 69433 | Zot:5    | Noticed an orb of fire
 69443 | Zot:5    | Killed an orb of fire
 69447 | Zot:5    | Noticed an orb of fire
 69454 | Zot:5    | Gained mutation: Your spells are a little easier to cast,
                  | but a little less powerful. [an orb of fire]
 69455 | Zot:5    | Killed an orb of fire
 69457 | Zot:5    | Noticed an orb of fire
 69467 | Zot:5    | Gained mutation: Scrolls take you a little longer to read.
                  | [an orb of fire]
 69468 | Zot:5    | Killed an orb of fire
 69468 | Zot:5    | Received a gift from Okawaru
 69469 | Zot:5    | Reached skill level 19 in Evocations
 69469 | Zot:5    | Noticed an electric golem
 69525 | Zot:5    | Received a gift from Okawaru
 69550 | Zot:5    | Noticed a golden dragon
 69559 | Zot:5    | Killed a golden dragon
 69560 | Zot:5    | Reached skill level 14 in Invocations
 69562 | Zot:5    | Killed an electric golem
 69563 | Zot:5    | Noticed a golden dragon
 69569 | Zot:5    | Killed a golden dragon
 69597 | Zot:5    | Noticed a curse toe
 69602 | Zot:5    | Killed a curse toe
 69602 | Zot:5    | Received a gift from Okawaru
 69606 | Zot:5    | Reached skill level 15 in Invocations
 69927 | Zot:5    | Noticed a Killer Klown
 69941 | Zot:5    | Noticed a Killer Klown
 69943 | Zot:5    | Noticed a Killer Klown
 69945 | Zot:5    | Killed a Killer Klown
 69946 | Zot:5    | Reached skill level 20 in Evocations
 69952 | Zot:5    | Killed a Killer Klown
 69952 | Zot:5    | Received a gift from Okawaru
 69962 | Zot:5    | Killed a Killer Klown
 69962 | Zot:5    | Identified the +0 large shield of Living the Good {*Corrode
                  | +Blink MP-9 Int+8} (Okawaru gifted it to you on level 5 of
                  | the Realm of Zot)
 69962 | Zot:5    | Received a gift from Okawaru
 70000 | Zot:5    | Noticed an electric golem
 70019 | Zot:5    | Killed an electric golem
 70038 | Zot:5    | Got the Orb of Zot
 70070 | Zot:5    | Noticed a Brimstone Fiend
 70075 | Zot:5    | Killed a Brimstone Fiend
 70202 | Zot:2    | Noticed an Ice Fiend
 70206 | Zot:2    | Killed an Ice Fiend
 70285 | Depths:4 | Noticed Qoddicw the pandemonium lord
 70303 | Depths:4 | Killed Qoddicw the pandemonium lord
 70451 | D:6      | Noticed Pyerieg the pandemonium lord
 70461 | D:6      | Noticed an Ice Fiend
 70462 | D:6      | Noticed Jefol the pandemonium lord
 70491 | D:6      | Killed Pyerieg the pandemonium lord
 70492 | D:6      | Reached skill level 21 in Evocations
 70495 | D:6      | Killed Jefol the pandemonium lord
 70506 | D:6      | Killed an Ice Fiend
 70551 | D:6      | Noticed Dunu Cov the pandemonium lord
 70653 | D:$      | Escaped with the Orb!

Vanquished Creatures
  the Royal Jelly (Slime:5)
  Dissolution (Slime:4)
  3 juggernauts
  5 orbs of fire (Zot:5)
  Mara (Vaults:2)
  Xtahua (Crypt:1)
  5 ancient liches
  6 Killer Klowns
  3 pandemonium lords
  Margery (Crypt:2)
  the Enchantress (Forest:3)
  6 golden dragons
  3 curse toes
  11 caustic shrikes (Depths:4)
  Jory (Crypt:2)
  Nikola (Swamp:3)
  A bone dragon (Depths:5)
  5 rockslimes
  A pearl dragon (Depths:3)
  A Brimstone Fiend (Zot:5)
  An Orb Demon (Zot:2)
  4 electric golems
  Zenata (Depths:2)
  10 tentacled monstrosities
  A hellephant (D:6)
  29 Orb Guardians
  Jorgrun (Orc)
  10 wendigos
  2 titans
  2 Ice Fiends
  4 quicksilver dragons
  3 ancient champions
  6 liches
  An Executioner (Zot:2)
  29 acid blobs
  6 death cobs
  3 tengu reavers
  3 thorn hunters
  4 sphinxes
  6 shadow dragons
  18 nagarajas (Snake:3)
  8 ghouls (Crypt:1)
  11 storm dragons
  2 revenants (Crypt:1)
  A greenwood witch (Forest:3)
  3 apis
  21 azure jellies
  4 draconian knights
  A balrug (Depths:1)
  Louise (Depths:5)
  10 fire giants
  2 deep elf sorcerers
  4 frost giants
  An orc warlord (Vaults:1)
  The ghost of Wachungys the Fighter, a journeyman NaAc of Ashenzari (Snake:1)
  An iron dragon (Depths:3)
  2 juggernaut zombies
  8 vault wardens
  Aizul (Vaults:1)
  A curse skull (Crypt:1)
  4 spriggan defenders
  4 draconian shifters
  4 draconian scorchers
  3 elemental wellsprings (Forest:3)
  An eye of devastation (Slime:1)
  4 draconian stormcallers
  A reaper (Crypt:2)
  14 jiangshi
  8 ironheart preservers
  22 very ugly things
  13 vampire knights
  16 stone giants
  A caustic shrike skeleton (Depths:3)
  5 draconian annihilators
  An ophan (Depths:3)
  5 black draconians
  A deep elf demonologist (Depths:2)
  9 white draconians
  7 green draconians
  2 deep elf annihilators
  2 lorocyprocas
  An entropy weaver (Vaults:2)
  10 dire elephants
  15 spark wasps
  6 purple draconians
  3 red draconians
  A deep elf death mage (Crypt:1)
  10 yellow draconians
  Snorg (D:11)
  2 eidola (Crypt:2)
  9 ettins
  A quicksilver dragon zombie (Crypt:2)
  12 fire dragons
  3 mummy priests (WizLab)
  10 yaktaur captains
  5 vault guards
  21 hydras
  Harold (D:11)
  A quicksilver dragon skeleton (Crypt:2)
  A merfolk avatar (Lair:6)
  10 naga warriors
  3 ghost crabs (Swamp:2)
  6 rakshasas
  13 ice dragons
  A shadow wraith (Crypt:2)
  2 hell beasts
  10 spriggan air magi
  A juggernaut simulacrum (Depths:5)
  7 death oozes
  5 death knights
  3 monstrous demonspawn
  7 two-headed ogres
  6 ogre magi
  12 anacondas
  A catoblepas (Lair:5)
  5 alligators
  7 deep troll shamans
  12 death yaks
  11 shambling mangroves
  8 satyrs
  3 tengu warriors
  16 great orbs of eyes
  6 ancient automatons
  5 orc high priests (Orc)
  4 dancing weapons
  8 deep troll earth magi
  30 spriggans
  9 vampire magi
  A sea snake (Snake:1)
  3 storm dragon zombies (Crypt:2)
  3 hell hogs (Zot:2)
  5 naga sharpshooters
  8 spriggan berserkers
  2 titan zombies
  2 ironheart beastmasters (Vaults:1)
  3 sun demons
  2 soul eaters
  The ghost of Cris the Destroyer, a novice FrCj of Vehumet (D:9)
  5 shock serpents
  28 deep trolls
  2 fire crabs (Swamp:3)
  A deep elf knight (Vaults:2)
  25 centaur warriors
  An iron troll (Depths:1)
  3 salamander mystics
  5 golden dragon zombies (Crypt:2)
  A death drake (Swamp:3)
  2 naga ritualists
  6 hell knights
  An unseen horror (D:12)
  6 flayed ghosts
  13 skeletal warriors
  5 spriggan druids
  3 deep elf archers (Vaults:2)
  10 glowing orange brains
  4 swamp dragons (Swamp:3)
  A wolf spider zombie (D:9)
  16 wizards
  9 ironheart convokers
  A sphinx zombie (Crypt:1)
  3 cyclopes
  A wolf spider (Forest:2)
  A lindwurm (Swamp:3)
  2 orc sorcerers
  13 deep elf magi
  8 phantasmal warriors
  8 orc knights
  An orange crystal statue (Depths:3)
  An iron dragon zombie (Crypt:2)
  35 ugly things
  4 oklob plants
  9 shining eyes
  7 necromancers
  3 human zombies
  2 fire giant zombies (WizLab)
  3 frost giant zombies
  2 mana vipers (Snake:3)
  3 manticores
  18 naga magi
  2 salamanders (shapeshifter)
  18 moths of wrath
  3 stone giant zombies
  15 salamanders
  An iron dragon skeleton (Crypt:2)
  2 stone giant skeletons (Vaults:1)
  A water nymph (Forest:3)
  2 demonspawn zombies
  11 elephants
  19 black mambas
  3 vault sentinels
  17 guardian serpents
  An ice statue (Lair:2)
  14 will-o'-wisps
  A rust devil (Depths:5)
  A frost giant skeleton (Crypt:2)
  A yaktaur zombie (D:12)
  13 cane toads
  2 smoke demons
  2 komodo dragons (shapeshifter) (Depths:1)
  3 spriggan zombies
  A kobold demonologist (D:12)
  2 dryads (Forest:1)
  14 komodo dragons
  A purple draconian zombie (Crypt:1)
  8 rime drakes
  9 freezing wraiths
  22 yaktaurs
  A tengu conjurer (D:10)
  15 flying skulls (Crypt:1)
  The ghost of fifreuwaquouxo3460 the Ducker, an amateur TrAc (D:4)
  3 guardian mummies (WizLab)
  3 eyes of draining
  A golden dragon simulacrum (Depths:3)
  An eye of draining (shapeshifter) (Depths:5)
  A grey draconian skeleton (Crypt:1)
  A troll (shapeshifter) (D:11)
  A hellwing (Depths:3)
  A queen bee (Lair:1)
  A wind drake (Lair:6)
  2 meliai (shapeshifter)
  3 red devils
  12 polar bears
  5 trolls
  2 ettin zombies
  41 hornets
  A raiju (Slime:2)
  4 tyrant leeches
  10 blink frogs
  8 bog bodies
  3 harpy skeletons (D:12)
  A wind drake (shapeshifter) (Vaults:1)
  13 hippogriffs
  A hippogriff (shapeshifter) (Vaults:1)
  2 human simulacra (Vaults:1)
  A fire dragon zombie (WizLab)
  121 slime creatures
  4 dream sheep (Lair:6)
  A guardian serpent zombie (Crypt:2)
  2 deep troll zombies (WizLab)
  2 frost giant simulacra
  Grum (D:11)
  A meliai zombie (D:11)
  Sigmund (D:3)
  An ice dragon skeleton (Crypt:2)
  10 water elementals (Forest:3)
  2 wraiths
  18 vampires (Crypt:2)
  45 yaks
  A shadow (Crypt:1)
  A ynoxinul (Depths:3)
  2 ettin skeletons
  A spriggan (shapeshifter) (Depths:1)
  2 tarantellas (shapeshifter)
  12 wyverns
  Eustachio (D:5)
  14 humans
  A hungry ghost (D:12)
  A basilisk (shapeshifter) (D:11)
  6 basilisks (Lair:4)
  A chaos spawn (Depths:1)
  2 steam dragons (Swamp:3)
  4 golden eyes
  2 redbacks (Vaults:2)
  A yaktaur simulacrum (Vaults:1)
  A warg (Vaults:1)
  10 vampire mosquitoes
  30 nagas
  A harpy simulacrum (D:9)
  17 swamp worms
  14 crocodiles
  4 hell hounds
  19 porcupines
  2 floating eyes
  14 water moccasins
  11 ice beasts
  39 orc warriors
  4 swamp drakes
  2 deep troll skeletons
  An elephant zombie (Crypt:1)
  A redback zombie (Crypt:1)
  2 black bears
  A dream sheep zombie (Crypt:1)
  8 necrophages
  2 sky beasts (D:8)
  6 phantoms
  A black mamba simulacrum (Crypt:2)
  2 swamp dragon zombies
  8 wolves
  19 ogres
  The ghost of AndrolTheGreedy the Slasher, an amateur DsSk (D:3)
  8 bullfrogs
  5 kobold brigands
  A hippogriff skeleton (Crypt:2)
  2 wyvern skeletons
  6 centaurs
  3 scorpions
  41 killer bees
  A snapping turtle simulacrum (Crypt:2)
  5 wights (D:9)
  3 electric eels
  30 orc priests
  6 howler monkeys
  11 crimson imps
  5 jellies
  3 lava snakes (Swamp:3)
  3 quasits
  4 bullfrog skeletons
  5 hounds
  3 iron imps (Depths:3)
  Terence (D:2)
  2 iguanas
  20 orc wizards
  6 worker ants
  A porcupine skeleton (Crypt:2)
  A killer bee zombie (D:6)
  A bullfrog simulacrum (D:9)
  A naga skeleton (Crypt:1)
  3 hound skeletons
  A worker ant zombie (D:10)
  A howler monkey skeleton (D:7)
  5 gnolls
  2 river rats
  12 adders
  3 shadow imps
  3 white imps
  A howler monkey simulacrum (D:9)
  An ooze (Sewer)
  2 ufetubi (Depths:1)
  An adder zombie (D:5)
  2 adder skeletons
  11 worms
  4 dart slugs
  The ghost of tronn the Sneak, a weakling OpEE (D:5)
  An adder simulacrum (D:9)
  2 leopard geckos
  64 orcs
  6 ball pythons
  3 giant cockroaches
  9 hobgoblins
  29 jackals
  29 kobolds
  3 quokkas
  2 bats (D:1)
  3 frilled lizards
  6 goblins
  An orc zombie (Crypt:2)
  A quokka skeleton (D:5)
  7 rats
  A bush (Forest:3)
  3 fungi
  19 plants
2267 creatures vanquished.

Vanquished Creatures (collateral kills)
  A shadow dragon (Depths:5)
  A fire giant (Depths:2)
  2 death oozes (Slime:5)
  A centaur warrior (Vaults:1)
  2 rime drakes (Lair:4)
  A slime creature (Slime:4)
  A hippogriff (Lair:4)
  A wyvern (Lair:4)
  2 small abominations (Depths:4)
  A basilisk (Lair:4)
  3 boggarts (Depths:2)
16 creatures vanquished.

Vanquished Creatures (others)
  A hydra (Swamp:3)
  An anaconda (Snake:2)
  A naga sharpshooter (Snake:3)
  A skeletal warrior (Crypt:1)
  A swamp dragon (Swamp:3)
  A naga mage (Snake:3)
  A guardian serpent (Snake:3)
  A hornet (Forest:3)
  A human (D:11)
  A steam dragon (Swamp:3)
  7 swamp drakes (Swamp:3)
  A hound (D:9)
  An adder (D:9)
  A shadow imp (Depths:3)
  An orc (D:9)
  33 fungi
  61 plants
  4 toadstools (D:9)
  11 withered plants
130 creatures vanquished.

Grand Total: 2413 creatures vanquished

Table legend:
 A = Turns spent in this place as a percentage of turns spent in the entire game.
 B = Non-inter-level travel turns spent in this place as a percentage of non-inter-level travel turns spent in the entire game.
 C = Inter-level travel turns spent in this place as a percentage of turns spent in this place.
 D = Turns resting spent in this place as a percentage of non-inter-level travel turns spent in this place.
 E = Turns spent auto-exploring this place as a percentage of non-inter-level travel turns spent in this place.
 F = Non-inter-level travel turns spent in this place divided by the number of levels of this place that you've seen.
                   A       B       C       D       E      F
               +-------+-------+-------+-------+-------+----------------------
         Total | 100.0 | 100.0 |  12.9 |   5.8 |  44.3 | 1140.2
       Dungeon |  22.4 |  21.2 |  17.4 |   7.8 |  58.3 | 1088.7
        Temple |   0.1 |   0.0 |  45.1 |   0.0 |   0.0 |  28.0
          Lair |  12.4 |  11.7 |  18.0 |   4.3 |  53.4 | 1201.3
         Swamp |   5.4 |   5.8 |   7.8 |   4.7 |  41.1 | 1181.3
     Snake Pit |   6.7 |   6.9 |   9.6 |   3.1 |  46.6 | 1420.0
    Slime Pits |   6.3 |   6.7 |   8.0 |   5.1 |  53.7 | 821.0
  Orcish Mines |   2.6 |   2.7 |  11.8 |   3.9 |  36.0 | 1634.0
        Vaults |   6.3 |   5.5 |  24.1 |   5.6 |  42.3 | 1681.5
Spriggan Forest |   7.2 |   7.4 |  10.7 |   0.8 |  67.8 | 1510.0
         Crypt |   5.5 |   5.8 |   8.1 |   3.3 |  25.4 | 1784.0
        Depths |  14.4 |  14.6 |  11.5 |   6.9 |  26.7 | 1796.6
           Zot |   7.4 |   7.9 |   6.2 |   3.6 |  24.3 | 978.2
        Bazaar |   0.3 |   0.4 |   0.0 |   0.0 |  68.7 | 116.5
         Sewer |   0.7 |   0.8 |   0.0 |   5.6 |  35.5 | 485.0
        Bailey |   0.7 |   0.8 |   0.0 |  19.9 |  39.6 | 512.0
       Volcano |   0.7 |   0.8 |   0.0 |  64.7 |   1.7 | 479.0
        Wizlab |   1.0 |   1.1 |   0.0 |  13.8 |   7.9 | 686.0
               +-------+-------+-------+-------+-------+----------------------

Table legend:
 A = Kills in this place as a percentage of kills in entire the game.
 B = Kills by you in this place as a percentage of kills by you in the entire game.
 C = Kills by friends in this place as a percentage of kills by friends in the entire game.
 D = Other kills in this place as a percentage of other kills in the entire game.
 E = Experience gained in this place as a percentage of experience gained in the entire game.
 F = Experience gained in this place divided by the number of levels of this place that you have seen.
                   A       B       C       D       E      F
               +-------+-------+-------+-------+-------+----------------------
         Total | 100.0 | 100.0 | 100.0 | 100.0 | 100.0 | 32982.1
       Dungeon |  18.0 |  18.1 |   0.0 |  27.3 |   4.9 | 7211.0
          Lair |  10.7 |  10.6 |  35.7 |   0.0 |   3.9 | 11460.3
         Swamp |   4.8 |   4.9 |   0.0 |   9.1 |   3.2 | 19020.3
     Snake Pit |   6.4 |   6.3 |   0.0 |  36.4 |   5.8 | 34515.7
    Slime Pits |   7.2 |   7.3 |   7.1 |   0.0 |   9.0 | 32047.4
  Orcish Mines |   3.6 |   3.6 |   0.0 |   0.0 |   0.8 | 14976.0
        Vaults |   8.3 |   8.4 |   7.1 |   0.0 |   8.3 | 74024.0
Spriggan Forest |   7.1 |   7.1 |   0.0 |   9.1 |   7.2 | 42579.0
         Crypt |   7.6 |   7.6 |   0.0 |   9.1 |   8.0 | 71396.0
        Depths |  15.8 |  15.6 |  50.0 |   9.1 |  26.0 | 92452.4
           Zot |   7.2 |   7.2 |   0.0 |   0.0 |  21.7 | 77318.4
         Sewer |   0.8 |   0.8 |   0.0 |   0.0 |   0.0 | 364.0
        Bailey |   1.2 |   1.2 |   0.0 |   0.0 |   0.1 | 2287.0
       Volcano |   0.4 |   0.4 |   0.0 |   0.0 |   0.2 | 3174.0
        Wizlab |   0.8 |   0.8 |   0.0 |   0.0 |   0.9 | 16664.0
               +-------+-------+-------+-------+-------+----------------------

Table legend:
 A = Non-vault XP
 B = Vault XP
 C = Vault XP percentage of total XP
 D = Non-vault monster count
 E = Vault monster count
 F = Vault count percentage of total count
                 A         B        C        D         E       F
            +---------+---------+-------+---------+---------+-------
      Total |  925434 |  799405 |  46.3 |    1423 |     806 |  36.2
            +---------+---------+-------+---------+---------+-------
        D:1 |      40 |       0 |   0.0 |      21 |       0 |   0.0
        D:2 |      78 |      43 |  35.5 |      14 |       5 |  26.3
        D:3 |     170 |     343 |  66.9 |      21 |       4 |  16.0
        D:4 |     790 |     353 |  30.9 |      32 |       2 |   5.9
        D:5 |     952 |     464 |  32.8 |      18 |       9 |  33.3
        D:6 |    1391 |      28 |   2.0 |      22 |       1 |   4.3
        D:7 |     738 |     977 |  57.0 |      18 |       5 |  21.7
        D:8 |    4577 |     365 |   7.4 |      44 |      12 |  21.4
        D:9 |    3656 |    4683 |  56.2 |      42 |      29 |  40.8
       D:10 |    4253 |     580 |  12.0 |      16 |       2 |  11.1
       D:11 |    3186 |    7372 |  69.8 |      14 |      18 |  56.2
       D:12 |   11120 |    5972 |  34.9 |      38 |      10 |  20.8
     Lair:1 |    4315 |    1487 |  25.6 |      20 |      20 |  50.0
     Lair:2 |    4249 |    3293 |  43.7 |      20 |      16 |  44.4
     Lair:3 |    8359 |       0 |   0.0 |      26 |       0 |   0.0
     Lair:4 |    8143 |    8388 |  50.7 |      28 |      26 |  48.1
     Lair:5 |    6899 |       0 |   0.0 |      24 |       0 |   0.0
     Lair:6 |   14886 |    8743 |  37.0 |      38 |      23 |  37.7
    Swamp:1 |   10001 |       0 |   0.0 |      30 |       0 |   0.0
    Swamp:2 |   16940 |     608 |   3.5 |      28 |       5 |  15.2
    Swamp:3 |   11007 |   18505 |  62.7 |      23 |      23 |  50.0
    Snake:1 |   11767 |    2121 |  15.3 |      24 |       2 |   7.7
    Snake:2 |   17046 |    1369 |   7.4 |      29 |       3 |   9.4
    Snake:3 |   19331 |   51913 |  72.9 |      32 |      55 |  63.2
    Slime:1 |    9208 |       0 |   0.0 |       6 |       0 |   0.0
    Slime:2 |   19444 |       0 |   0.0 |      26 |       0 |   0.0
    Slime:3 |   19687 |       0 |   0.0 |      39 |       0 |   0.0
    Slime:4 |   34935 |   14053 |  28.7 |      37 |       1 |   2.6
    Slime:5 |   20160 |   42750 |  68.0 |      31 |      23 |  42.6
        Orc |     732 |   14244 |  95.1 |      18 |      63 |  77.8
   Vaults:1 |   46652 |   37482 |  44.6 |      76 |      41 |  35.0
   Vaults:2 |   35458 |   28456 |  44.5 |      42 |      28 |  40.0
   Forest:1 |   29079 |    5818 |  16.7 |      40 |       8 |  16.7
   Forest:2 |   29804 |       0 |   0.0 |      37 |       0 |   0.0
   Forest:3 |   33481 |   29555 |  46.9 |      55 |      19 |  25.7
    Crypt:1 |   44392 |    8823 |  16.6 |      60 |       3 |   4.8
    Crypt:2 |   31743 |   57834 |  64.6 |      39 |      68 |  63.6
   Depths:1 |   48512 |   26941 |  35.7 |      67 |      32 |  32.3
   Depths:2 |   28137 |   39480 |  58.4 |      29 |      24 |  45.3
   Depths:3 |   34104 |   31229 |  47.8 |      32 |      40 |  55.6
   Depths:4 |   39436 |   86233 |  68.6 |      22 |      40 |  64.5
   Depths:5 |   44573 |   73912 |  62.4 |      33 |      32 |  49.2
      Zot:1 |   56647 |       0 |   0.0 |      33 |       0 |   0.0
      Zot:2 |   39615 |       0 |   0.0 |      20 |       0 |   0.0
      Zot:3 |   12205 |    8646 |  41.5 |       7 |       4 |  36.4
      Zot:4 |   39362 |       0 |   0.0 |      19 |       0 |   0.0
      Zot:5 |   64174 |  153853 |  70.6 |      33 |      38 |  53.5
      Sewer |       0 |     364 | 100.0 |       0 |      18 | 100.0
     Bailey |       0 |    2287 | 100.0 |       0 |      27 | 100.0
    Volcano |       0 |    3174 | 100.0 |       0 |       9 | 100.0
     WizLab |       0 |   16664 | 100.0 |       0 |      18 | 100.0
            +---------+---------+-------+---------+---------+-------
